 Dungeon Crawl Stone Soup version 0.30-a0-576-g89cddaab80 (webtiles) character file.

Game seed: 4624971113129909954

584 demibob the Cleaver (level 7, -1/57 HPs)
             Began as a Hill Orc Fighter on Dec 31, 2022.
             Was an Initiate of Beogh.
             Slain by Pikel
             ... wielding a +1 whip of freezing
              (10 damage)
             ... on level 5 of the Dungeon.
             The game lasted 00:05:56 (3628 turns).

demibob the Cleaver (Hill Orc Fighter)              Turns: 3628, Time: 00:05:57

Health: -1/57      AC:  7    Str: 21    XL:     7   Next: 37%
Magic:  7/7        EV:  9    Int:  8    God:    Beogh [......]
Gold:   285        SH:  5    Dex: 10    Spells: 6/6 levels left

rFire   . . .      SeeInvis .    a - +0 war axe
rCold   . . .      Faith    .    (no shield)
rNeg    . . .      Spirit   .    b - +0 scale mail
rPois   .          Reflect  +    (no helmet)
rElec   .          Harm     .    (no cloak)
rCorr   .          Rampage  .    (no gloves)
Will    .....                    (no boots) Stlth
                                 i - amulet of reflection
HPRegen 0.29/turn                (no ring)
MPRegen 0.10/turn                (no ring)

@: no status effects
A: no striking features
a: Renounce Religion


You were on level 5 of the Dungeon.
You worshipped Beogh.
Beogh was noncommittal.
You visited 1 branch of the dungeon, and saw 5 of its levels.

You collected 285 gold pieces.


   Skills:
 - Level 3.6 Fighting
 * Level 8.7 Axes
 + Level 5.8 Armour
 - Level 3.2 Shields


You had 6 spell levels left.
You didn't know any spells.
Your spell library contained the following spells:

 Spells                   Type           Power      Damage    Failure   Level
 Beastly Appendage        Tmut           0%         N/A       73%         1
 Wereblood                Tmut           0%         N/A       86%         2
 Spider Form              Tmut/Pois      0%         N/A       97%         3

Inventory:

Hand Weapons
 a - a +0 war axe (weapon)
Armour
 b - a +0 scale mail (worn)
Jewellery
 i - an amulet of reflection (around neck)
Wands
 d - a wand of roots (6)
Scrolls
 c - 2 scrolls of vulnerability
 l - 2 scrolls of teleportation {@r2}
 m - 2 scrolls of fear
 n - a scroll of immolation {unknown}
Potions
 e - 3 potions of curing {@q1}
 f - 2 potions of magic
 g - 2 potions of brilliance
 h - a potion of heal wounds {unknown}
 j - a potion of attraction {unknown}
 k - a potion of cancellation {unknown}
 o - a potion of degeneration {unknown}

Dungeon Overview and Level Annotations

Branches:
Dungeon (5/15)             Temple (0/1) D:5

Altars:

Shops:
D:5 *

Annotations:
D:5 Pikel

##.....##
##.......#
#.>...<...#
#.........#
#...........
#...........
#.......[..#
##.........##
####@........##
#55K.........#
...
~~~~..###........
.~ ♣ ♣♣~.##
#........ ##.P~
~♣≈≈~PP#
###.......
...~~♣♣~♣≈≈~~...
>...(.#
..~P♣PP~~~≈~.P.#
#######
..P♣~P~~PP♣♣P...
#~P~~P.PP.~≈~P##


You could see Pikel and 2 lemures.


Message History

Pikel is heavily wounded.
Pikel closely misses you.
You barely miss Pikel.
Pikel is heavily wounded.
Pikel hits you with a +1 whip of freezing.
* * * LOW HITPOINT WARNING * * *
Pikel freezes you.
* * * LOW HITPOINT WARNING * * *
You hit Pikel.
Pikel is heavily wounded.
Pikel hits you with a +1 whip of freezing.
* * * LOW HITPOINT WARNING * * *
Pikel freezes you.
* * * LOW HITPOINT WARNING * * *
You slash Pikel!
Pikel is almost dead.
Pikel says, "Hell isn't that bad."
Pikel hits you with a +1 whip of freezing.
* * * LOW HITPOINT WARNING * * *
Pikel freezes you.
* * * LOW HITPOINT WARNING * * *
You hit Pikel but do no damage.
Pikel is almost dead.
Pikel hits you with a +1 whip of freezing!
* * * LOW HITPOINT WARNING * * *
Pikel freezes you.
* * * LOW HITPOINT WARNING * * *
You feel better.
Pikel hits you with a +1 whip of freezing!
You die...

Skill      XL: |  1  2  3  4  5  6 |
---------------+-------------------+-----
Axes           | 3 4 5 7 8 |  8.7
Armour         | 4 5 |  5.8
Fighting       | |  3.6
Shields        | |  3.2

Action                   |  1- 3 |  4- 6 |  7- 9 || total
-------------------------+-------+-------+-------++-------
Melee: War axe           |   101 |   114 |    67 ||   282
       Punch             |     1 |     2 |     1 ||     4
Invok: Convert to Beogh  |       |     1 |       ||     1
Evoke: Wand              |       |       |     2 ||     2
  Use: Scroll            |     2 |     7 |       ||     9
       Potion            |       |     1 |     1 ||     2
Armor: Scale mail        |    50 |    31 |    10 ||    91
Dodge: Dodged            |    42 |    46 |    22 ||   110
Block: Other             |     5 |    26 |    15 ||    46

Levels and vault maps discovered:
D:1:      mainiacjoe_arrival_reflecting_pool, layout_loops_ring,
          minmay_hedge_maze
D:2:      wad_pebble_path, layout_basic, chequers_serial_rivers_micro_c,
          minmay_misc_feat_columns, chequers_avenue
D:3:      layout_loops_ring, minmay_statues_item
D:4:      layout_loops_cross, hangedman_abyss_or_decor_slice, nicolae_titane
D:5:      layout_rooms, minmay_temple_entry_wispy, nicolae_shop_fire_sale
          [nicolae_sub_dead_trees], serial_bayou_lagoon_a, kennysheep_potato,
          uniq_pikel

Notes
Turn   | Place    | Note
-------+----------+-------------------------------------------
     0 | D:1      | demibob the Hill Orc Fighter began the quest for the Orb.
     0 | D:1      | Reached XP level 1. HP: 19/19 MP: 1/1
    30 | D:1      | Reached skill level 3 in Axes
   134 | D:1      | Reached XP level 2. HP: 22/26 MP: 2/2
   379 | D:1      | Reached skill level 4 in Axes
   404 | D:1      | Reached XP level 3. HP: 31/31 MP: 3/3
  1200 | D:2      | Reached skill level 4 in Armour
  1283 | D:2      | Reached XP level 4. HP: 21/39 MP: 4/4
  1285 | D:2      | Reached skill level 5 in Axes
  1967 | D:3      | Became a worshipper of Beogh the Brigand
  2160 | D:3      | Reached XP level 5. HP: 45/45 MP: 5/5
  2231 | D:3      | Identified the +4 short sword "Testudinebane" {flame, Fly
                  | rPois Str+4 Dex-5}
  2424 | D:4      | Noticed an ogre
  2437 | D:4      | Killed an ogre
  2438 | D:4      | Reached skill level 6 in Axes
  2614 | D:4      | Noticed a phantom
  2620 | D:4      | Killed a phantom
  2621 | D:4      | Reached skill level 7 in Axes
  2621 | D:4      | Reached skill level 5 in Armour
  2621 | D:4      | Reached XP level 6. HP: 50/51 MP: 6/6
  2654 | D:4      | Noticed an ice beast
  2661 | D:4      | Killed an ice beast
  3317 | D:5      | Entered Level 5 of the Dungeon
  3327 | D:5      | Reached skill level 8 in Axes
  3327 | D:5      | Reached XP level 7. HP: 55/57 MP: 7/7
  3468 | D:5      | Found Xokaikhe's Fire Supplies.
  3517 | D:5      | Found a staircase to the Ecumenical Temple.
  3611 | D:5      | Noticed Pikel
  3627 | D:5      | HP: 3/57 [Pikel/+1 whip of freezing (4)]
  3628 | D:5      | Slain by Pikel

Vanquished Creatures
  An ice beast (D:4)
  An ogre (D:4)
  2 lemures (D:5)
  2 phantoms
  A scorpion (D:4)
  A howler monkey (D:5)
  A hound (D:5)
  3 adders
  A white imp (D:3)
  2 worms (D:2)
  5 dart slugs
  11 orcs
  10 ball pythons
  4 bats
  10 endoplasms
  6 giant cockroaches
  5 goblins
  3 hobgoblins
  4 kobolds
  2 quokkas (D:3)
  3 frilled lizards
  12 rats
90 creatures vanquished.

Vanquished Creatures (others)
  An orc (D:3)
  25 plants (D:5)
26 creatures vanquished.

Grand Total: 116 creatures vanquished

Table legend: (Time is in decaauts)
 A = Elapsed time spent in this place.
 B = Non-inter-level travel time spent in this place.
 C = Inter-level travel time spent in this place.
 D = Time resting spent in this place.
 E = Time spent auto-exploring this place.
 F = Levels seen in this place.
 G = Mean time per level.
                   A        B        C        D        E       F      G
               +--------+--------+--------+--------+--------+-----+--------+
         Total |   3687 |   3622 |     65 |    421 |   2511 |   5 |  737.4 |
       Dungeon |   3687 |   3622 |     65 |    421 |   2511 |   5 |  737.4 |
               +--------+--------+--------+--------+--------+-----+--------+

Top non-repeatable levels by time:
     D:1: 1029 daAuts
     D:4: 902 daAuts
     D:2: 862 daAuts
     D:3: 574 daAuts
     D:5: 318 daAuts

Table legend:
 A = Non-vault XP
 B = Vault XP
 C = Vault XP percentage of total XP
 D = Non-vault monster count
 E = Vault monster count
 F = Vault count percentage of total count
                 A         B        C        D         E       F
            +---------+---------+-------+---------+---------+-------
      Total |     835 |       0 |   0.0 |      88 |       0 |   0.0
            +---------+---------+-------+---------+---------+-------
        D:1 |      47 |       0 |   0.0 |      27 |       0 |   0.0
        D:2 |      73 |       0 |   0.0 |      22 |       0 |   0.0
        D:3 |      55 |       0 |   0.0 |      19 |       0 |   0.0
        D:4 |     439 |       0 |   0.0 |      10 |       0 |   0.0
        D:5 |     221 |       0 |   0.0 |      10 |       0 |   0.0
            +---------+---------+-------+---------+---------+-------
